Map: Одиссея РВ

Players

Murena - Winner!

  • Race: Terran Terran
  • Spawn Location: 11:00

ИИ 1 (эксперт)

  • Race: Protoss Protoss
  • Spawn Location: 5:00

VOD

Have the link to the VOD?

Description

Time

  • Played on: March 29, 2019, 5:43 a.m.
  • Length: 10:22
Show
View Real Time Build Order
Export as new Build Order

Murena Terran - Winner!

Build Orders: Mech 

Get SALT Encoding   

  12  0:00  SCV  
  13  0:12  SCV  
  14  0:18  Supply Depot  
  14  0:25  Refinery  
  14  0:29  SCV  
  15  0:41  SCV  
  16  0:47  Barracks  
  16  0:53  SCV  
  17  1:06  SCV  
  18  1:16  Supply Depot  
  19  1:18  SCV  
  19  1:22  Refinery  
  19  1:34  Orbital Command  
  19  1:39  Factory  
  19  1:43  Marine  
  20  2:01  Marine, Factory  
  20  2:05  SCV  
  22  2:19  SCV  
  22  2:20  Marine  
  24  2:23  Factory Tech Lab  
  24  2:32  Factory, SCV  
  25  2:40  Marine  
  25  2:43  Siege Tank  
  29  2:49  Supply Depot  
  29  2:50  Factory Tech Lab  
  29  2:55  SCV  
  30  2:59  Marine  
  31  3:11  Siege Tank  
  34  3:14  Supply Depot  
  34  3:15  SCV  
  34  3:19  Factory Tech Lab  
  35  3:23  Barracks Tech Lab  
  35  3:30  Hellion  
  37  3:41  Siege Tank  
  40  3:50  Marine  
  41  3:57  Supply Depot  
  41  4:02  SCV  
  42  4:05  Siege Tank  
  42  4:09  Marine  
  46  4:14  Engineering Bay  
  46  4:16  SCV  
  47  4:21  Hellion  
  49  4:28  Siege Tank  
  52  4:33  Supply Depot  
  52  4:34  Marine, SCV  
  54  4:44  Barracks  
  54  4:54  Armory  
  54  4:56  Marauder, Supply Depot  
  54  4:59  Hellion  
  58  5:05  Hellion  
  60  5:19  Marauder  
  65  5:21  Siege Tank  
  65  5:27  Concussive Shells  
  65  5:30  Hellion  
  65  5:31  Hellion  
  65  5:33  Barracks Tech Lab  
  69  6:00  SCV  
Show
View Real Time Build Order
Export as new Build Order

ИИ 1 (эксперт) Protoss 

Build Orders: 1 Gate Expand, Colossus Rush 

Get SALT Encoding   

  12  0:00  Probe  
  13  0:13  Probe  
  14  0:20  Pylon  
  14  0:25  Probe  
  15  0:34  Probe  
  15  0:42  Probe  
  17  0:50  Gateway  
  17  0:52  Probe  
  18  1:00  Probe  
  19  1:16  Probe  
  19  1:18  Nexus  
  20  1:28  Probe  
  21  1:39  Pylon, Zealot  
  23  1:45  Cybernetics Core  
  23  1:49  Assimilator  
  23  1:56  Probe  
  24  2:04  Probe  
  25  2:12  Probe  
  25  2:21  Probe  
  26  2:23  Pylon  
  26  2:29  Probe  
  27  2:30  Probe  
  27  2:32  Gateway  
  27  2:34  Warp Gate  
  29  2:40  Assimilator  
  29  2:41  Probe  
  30  2:51  Stalker  
  30  2:55  Pylon, Probe  
  30  2:57  Probe  
  34  3:04  Probe  
  34  3:09  Probe  
  36  3:15  Probe  
  36  3:19  Adept  
  39  3:21  Adept  
  39  3:22  Probe  
  42  3:29  Robotics Facility  
  42  3:30  Probe  
  42  3:31  Probe  
  44  3:38  Probe  
  44  3:43  Probe  
  46  3:48  Probe  
  46  3:49  Adept  
  46  3:51  Adept  
  52  3:55  Probe  
  52  4:02  Probe  
  52  4:03  Pylon  
  52  4:07  Probe  
  54  4:13  Probe  
  54  4:15  Gateway  
  54  4:19  Adept  
  54  4:21  Robotics Bay  
  57  4:24  Pylon  
  57  4:28  Observer  
  57  4:29  Adept  
  57  4:31  Probe  
  60  4:35  Probe  
  60  4:36  Pylon  
  62  4:51  Robotics Facility  
  62  4:56  Stalker  
  64  5:00  Zealot  
  64  5:03  Pylon  
  64  5:06  Gateway  
  66  5:09  Zealot  
  68  5:18  Stalker  
  68  5:21  Pylon, Zealot  
  72  5:29  Zealot  
  74  5:42  Colossus  
  80  5:43  Probe  
  80  5:49  Pylon  
  81  5:50  Assimilator  
  81  5:51  Forge  
  81  5:52  Stalker  
  81  5:54  Pylon, Assimilator, Nexus  
  83  5:57  Forge  
  83  6:10  Sentry  
  85  6:11  Probe  
  85  6:12  Probe  
  87  6:18  Stalker  
  87  6:20  Probe  
  87  6:23  Stalker  
  87  6:24  Probe  
  92  6:27  Stalker  
  92  6:28  Probe  
  92  6:29  Photon Cannon  
  95  6:33  Stalker  
  95  6:36  Probe  
  98  6:41  Sentry  
  94  6:51  Immortal  
  94  6:53  Zealot, Adept  
  78  6:56  Zealot  
  62  7:05  Zealot  
  62  7:07  Sentry, Probe x3  
  69  7:13  Adept  
  68  7:17  Zealot  
  68  7:19  Probe x2  
  68  7:20  Probe  
  66  7:23  Adept  
  66  7:25  Sentry, Assimilator  
  66  7:26  Assimilator  
  63  7:31  Probe  
  63  7:32  Probe  
  63  7:33  Stalker  
  68  7:43  Probe  
  61  7:44  Probe  
  61  7:49  Adept  
  54  7:52  Stalker  
  50  8:02  Stalker  
  37  8:13  Stalker  
  35  8:20  Adept  
  35  8:30  Stalker  
  29  8:40  Zealot  
  21  8:50  Probe  
  12  8:56  Stalker, Probe, Zealot, Adept  
  12  9:33  Probe  
Tags
 
Composition
Mech
Matchup
ПvТ
Spawn Locations
Cross Positions
Add a new tag
Caveats
  • Supply blocks, unpowered buildings, or Contaminate may cause inaccurate times.
  • Supply counts are checked every 10 seconds.